Unix NetHack Version 3.7.0-59 Work-in-progress - last build May 25 2022 12:07:00 (5f964a4ca35ee0fc00824f52a09306978f6a0dc5,branch:master). Game began 2022-05-25 13:17:06, ended 2022-05-27 10:56:56. rustyspoon, chaotic male orcish Barbarian --------------- ..........%%%%...| .....----.----...-- ....--...0... -....| ...--..+..... ...---- ...|......... ........ ----- --...%%.. ----... |... -...... --)--- --..--------- -----?----- .%...- --...|.qa....| ---....)%...--- ......---..%.|..@.DH.| |....%.%......| ............-..#@...| |. ----?---- .| ..---....|..a....| | |...%...| | --...|..Y'...| |...%.%.| --..--------- |..._...| |... |...%...| ----- |...%...| --------- Rustyspoon the Raider St:25 Dx:16 Co:18 In:12 Wi:16 Ch:8 Chaotic Astral Plane $:0 HP:221(238) Pw:12(34) AC:-38 Exp:15 T:37516 Satiated Latest messages: "Pilgrim, you enter a sacred place!" The Angel of Crom wields a long sword! The priestess of Crom casts a spell! The priestess of Crom summons insects around a spot near you! The priest of Moloch zaps a wand of magic missile! The magic missile misses the priest of Moloch. The magic missile hits the priest of Mitra! The magic missile misses the Angel of Set. The magic missile hits the Angel of Crom. The black blade draws the life from the soldier ant! You kill the soldier ant! The fire ant turns to flee. The priestess of Crom wields a mace! The fire ant turns to flee. The green dragon breathes poison gas! You are enveloped in a cloud of noxious gas! The blast of poison gas whizzes by you! The blast of poison gas bounces! The blast of poison gas whizzes by you! The Angel of Crom swings her long sword at the giant ant. The Angel of Crom hits the giant ant. The giant ant is killed! The Angel of Crom swings her long sword at it. The Angel of Crom hits it. The Angel of Crom swings her long sword at it. The Angel of Crom hits it. A gremlin suddenly appears next to you! An iron golem suddenly appears next to you! An owlbear suddenly appears next to you! A storm giant suddenly appears next to you! A minotaur suddenly appears next to you! A storm giant suddenly appears close by! A baluchitherium suddenly appears close by! Pick an object. The black blade draws the life from the gremlin! You kill the gremlin! The priestess of Crom turns to flee. The black blade draws the animating force from the iron golem! You smite the iron golem! The minotaur turns to flee. The storm giant turns to flee. The owlbear turns to flee. There is a high altar to Set (chaotic) here. What do you want to sacrifice? [H or ?*] You offer the Amulet of Yendor to Set... An invisible choir sings, and you are bathed in radiance... The voice of Set thunders: "Mortal, thou hast done well!" "In return for thy service, I grant thee the gift of Immortality!" You ascend to the status of Demigod... Do you want your possessions identified? [ynq] (y) Major events: Turn 1: rustyspoon the chaotic female orcish Barbarian entered the dungeon 897: entered the Gnomish Mines 900: attained the rank of Pillager (level 3) 2039: attained the rank of Bandit (level 6) 2948: reached Mine Town 4169: entered Sokoban 4361: completed sokoban 1 5450: made her first wish - "blessed greased +2 gray dragon scale mail" 6227: completed sokoban 2 6450: completed sokoban 3 9949: completed sokoban 4 10262: attained the rank of Brigand (level 10) 10369: acquired the Sokoban amulet of reflection 11275: bestowed with Cleaver by Set 13599: acquired the Mines' End luckstone 13974: bestowed with Stormbringer by Set 20729: attained the rank of Raider (level 14) 24511: found the Heart of Ahriman on the floor 24527: killed the invisible Thoth Amon 24528: acquired the Bell of Opening 25317: killed Medusa 26803: wished for "2 blessed scrolls of charging" 26819: wished for "blessed greased bag of holding" 29540: entered Gehennom 30777: wished for "blessed fixed ring of levitation" 30988: wished for "blessed fixed greased +2 gauntlets of power" 31691: killed Asmodeus 31777: killed Juiblex 32250: bribed Baalzebub with 16 zorkmids for safe passage 32832: killed Orcus 32850: wished for "blessed fixed ring of free action" 32854: wished for "blessed fixed ring of teleport control" 33360: destroyed Vlad the Impaler 33363: acquired the Candelabrum of Invocation 33965: found Demonbane carried by a monster 35380: killed the Wizard of Yendor 35387: acquired the Book of the Dead 35402: performed the invocation 35550: killed the high priest of Moloch 35554: acquired The Amulet of Yendor 37151: entered the Elemental Planes 37151: entered Plane of Earth 37153: killed the Wizard of Yendor (2nd time) 37235: entered Plane of Air 37286: entered Plane of Fire 37330: entered Plane of Water 37422: entered the Astral Plane 37432: killed Famine 37452: killed Famine (2nd time) 37466: killed Famine (3rd time) 37485: found Sting carried by a monster 37499: killed the invisible Pestilence 37516: ascended Inventory: Amulets J - an uncursed amulet of reflection (being worn) Weapons a - the blessed rustproof +6 Stormbringer (wielded in right hand) w - a blessed +5 silver saber (wielded in left hand) Armor A - a blessed +4 Hawaiian shirt with a ukulele motif (being worn) B - a blessed greased +4 gray dragon scale mail (being worn) C - a blessed greased burnt +4 cloak of protection (being worn) D - an uncursed +4 pair of speed boots (being worn) E - a blessed greased rustproof +5 pair of gauntlets of power (being worn) F - a blessed greased +3 dwarvish iron helm (being worn) Comestibles L - an uncursed lizard corpse named MCD Spellbooks i - the uncursed Book of the Dead Rings d - a blessed ring of conflict (on left hand) m - a blessed ring of free action (on right hand) P - a blessed ring of levitation Wands c - an uncursed wand of teleportation (0:3) s - an uncursed wand of teleportation (0:2) y - an uncursed wand of death (0:1) z - an uncursed wand of digging (0:1) Q - a cursed wand of cancellation (0:4) Tools b - a blessed greased bag of holding containing 99 items k - an uncursed skeleton key o - an uncursed rustproof +0 pick-axe t - a blessed towel u - a blessed +0 unicorn horn X - the cursed Candelabrum of Invocation (0 of 7 candles attached) Y - the cursed Bell of Opening (0:0) Gems/Stones x - the blessed Heart of Ahriman Contents of the bag of holding: 14 gold pieces an uncursed amulet of life saving an uncursed amulet of life saving an uncursed amulet of life saving a blessed +1 athame named Elberethbane an uncursed +0 pair of jumping boots an uncursed +0 pair of water walking boots an uncursed +0 mummy wrapping 8 uncursed food rations an uncursed lizard corpse named KFC an uncursed scroll of light a blessed scroll of scare monster a blessed scroll of scare monster 18 uncursed scrolls of blank paper a cursed scroll of confuse monster a blessed scroll of create monster 2 uncursed scrolls of create monster a cursed scroll of create monster an uncursed scroll of destroy armor an uncursed scroll of earth an uncursed scroll of fire 2 uncursed scrolls of genocide a blessed scroll of identify 4 uncursed scrolls of remove curse a blessed scroll of taming an uncursed scroll of taming an uncursed potion of oil 35 potions of holy water an uncursed potion of water 4 potions of unholy water 2 uncursed potions of restore ability 6 uncursed diluted potions of extra healing 3 blessed diluted potions of full healing an uncursed potion of full healing a blessed potion of invisibility an uncursed potion of levitation an uncursed potion of paralysis an uncursed ring of free action an uncursed ring of regeneration a blessed ring of teleport control a blessed ring of teleport control an uncursed wand of cold (0:7) an uncursed wand of cold (0:7) an uncursed wand of cold (0:7) an uncursed wand of death (1:8) an uncursed wand of death (0:0) an uncursed wand of digging (0:4) an uncursed wand of digging (0:5) an uncursed wand of digging (0:4) an uncursed wand of digging (0:6) an uncursed wand of digging (0:4) an uncursed wand of digging (0:7) an uncursed wand of digging (0:6) an uncursed wand of digging (0:7) an uncursed wand of digging (0:8) an uncursed wand of enlightenment (0:12) a blessed wand of fire (0:3) an uncursed wand of fire (0:5) an uncursed wand of fire (0:5) an uncursed wand of fire (0:3) an uncursed wand of lightning (0:8) an uncursed wand of lightning (0:8) an uncursed wand of lightning (0:4) an uncursed wand of magic missile (0:8) an uncursed wand of magic missile (0:8) an uncursed wand of magic missile (0:7) an uncursed wand of magic missile (0:6) a blessed wand of sleep (0:4) an uncursed wand of sleep (0:8) an uncursed wand of sleep (0:4) an uncursed wand of sleep (0:0) an uncursed wand of sleep (0:7) a blessed wand of striking (0:8) an uncursed wand of striking (0:5) an uncursed wand of striking (0:0) an uncursed wand of striking (0:7) an uncursed wand of striking (0:1) an uncursed wand of wishing (1:0) an uncursed bugle 4 blessed wax candles an uncursed tallow candle an uncursed can of grease (0:5) 4 uncursed agate stones 4 uncursed amethyst stones an uncursed black opal 4 uncursed citrine stones an uncursed diamond 4 uncursed dilithium crystals an uncursed emerald an uncursed fluorite stone 2 uncursed jade stones an uncursed jet stone 4 uncursed obsidian stones 3 uncursed opals 2 uncursed rubies an uncursed sapphire 4 uncursed topaz stones an uncursed turquoise stone a blessed touchstone Rustyspoon the Barbarian's attributes: Background: You were a Raider, a level 15 male orcish Barbarian. You were chaotic, on a mission for Set who was opposed by Mitra (lawful) and Crom (neutral). You started out female. You were in the endgame, on the Astral Plane. You entered the dungeon 37516 turns ago. You had 282272 experience points, 37728 more were needed to attain level 16. Basics: You had 221 out of 238 hit points. You had 12 out of 34 energy points (spell power). Your armor class was -38. Your wallet was empty. Autopickup was off. Final Characteristics: Your strength was 25 (base:18/25, peak:18/26, innate limit:18/50). Your dexterity was 16 (peak:18, limit:18). Your constitution was 18 (limit:18). Your intelligence was 12 (limit:16). Your wisdom was 16 (limit:16). Your charisma was 8 (limit:16). Final Status: You were satiated. You were unencumbered. You were wielding two weapons at once. Your skill in broadsword was limited by being basic with two weapons. You had basic skill with saber and two weapons. Final Attributes: You were piously aligned. You were magic-protected. You were fire resistant. You were cold resistant. You were sleep resistant. You were disintegration-resistant. You were poison resistant. You were level-drain resistant. You saw invisible. You were telepathic. You had infravision. You were invisible to others. You were stealthy. You caused conflict. You had a moderate defense bonus (+9). You were protected. You were very fast. You had reflection. You had free action. You were extremely lucky. You had extra luck. Good luck did not time out for you. You survived. Miscellaneous: You never encountered a bones level. Total elapsed playing time was 5 hours, 10 minutes and 40 seconds. Vanquished creatures: Asmodeus Orcus Juiblex the Wizard of Yendor (twice) Pestilence Famine (thrice) Vlad the Impaler a high cleric Medusa 4 krakens an Archon 2 master liches 2 glass golems 2 balrogs Thoth Amon 3 purple worms 3 gold dragons 2 red dragons 4 white dragons an orange dragon 3 black dragons a blue dragon 2 green dragons 2 yellow dragons 12 minotaurs a jabberwock 5 baluchitheria 5 Angels 4 demiliches 3 master mind flayers 6 Olog-hai 2 Nazgul 5 pit fiends a sandestin 5 hell hounds 6 titanotheres a baby gold dragon 4 baby yellow dragons 4 genetic engineers 3 disenchanters 26 vampire leaders a skeleton 9 aligned clerics 5 captains 6 shades 10 liches a clay golem 7 nurses 6 ice devils 3 nalfeshnees 2 lurkers above an Aleax a frost giant 4 ettins 5 black puddings 21 vampires 7 lieutenants 44 ghosts a cave dweller 2 rangers 2 mind flayers 10 giant mimics 4 long worms 4 zruties 2 ogre tyrants 3 ice trolls 25 rock trolls an umber hulk a flesh golem 3 elven monarchs 11 hezrous 10 bone devils 5 large mimics 2 wumpuses 2 fire vortices a couatl 8 stalkers 4 air elementals 3 fire elementals 6 earth elementals 2 water elementals 3 hill giants 4 giant mummies 3 black nagas 4 xorns 16 giant zombies 11 elf-nobles 17 sergeants 4 barbed devils 10 vrocks 2 salamanders 13 wargs 2 winter wolves 3 hell hound pups 7 small mimics a glass piercer 6 warhorses 8 steam vortices 7 xans 4 ettin mummies an ogre leader 7 quantum mechanics 25 trolls 2 sasquatches 2 wood golems an erinys 3 mariliths 4 sharks 3 electric eels 5 gelatinous cubes 2 pyrolisks 2 large dogs 3 freezing spheres 3 flaming spheres 4 shocking spheres 3 large cats 4 tigers 6 gargoyles a dwarf ruler 6 tengu 3 ochre jellies 3 leocrottas an energy vortex 3 mountain centaurs 6 stone giants 3 elf mummies 2 human mummies 3 red nagas a green slime 2 pythons 6 pit vipers 4 cobras 46 wraiths 23 ettin zombies 4 leather golems 8 Grey-elves 41 soldiers 6 amorous demons 6 horned devils 10 chameleons a crocodile 12 giant beetles 3 quivering blobs 14 cockatrices 7 wolves 3 winter wolf cubs 2 lynxes 6 panthers 8 gremlins a spotted jelly 57 leprechauns an orc-captain 4 iron piercers 4 mumakil 6 giant spiders 2 scorpions 10 horses an ice vortex a baby long worm 5 black lights 11 vampire bats a forest centaur 2 gnome rulers 4 orc mummies a dwarf mummy 62 ogres 6 brown puddings 4 rust monsters 9 owlbears 5 yetis 3 werewolves 11 Green-elves 5 piranha 10 giant eels 8 lizards 2 chickatrices 2 dingoes 3 housecats 3 jaguars 6 dwarf leaders 3 blue jellies 3 white unicorns 2 gray unicorns 5 dust vortices 8 ravens 2 plains centaurs a gnome mummy 6 snakes 7 apes 24 human zombies 4 rope golems 12 Woodland-elves 19 soldier ants 11 fire ants 4 lemures a quasit 3 wood nymphs 7 water nymphs 3 mountain nymphs 2 Mordor orcs 2 Uruk-hai 5 rock piercers a rock mole 2 ponies 5 fog clouds 9 yellow lights 4 shriekers 8 violet fungi 23 gnome leaders 8 gnomish wizards 5 kobold mummies 2 black naga hatchlings 2 guardian naga hatchlings 2 gray oozes 2 barrow wights 16 elf zombies 15 ghouls 4 straw golems a paper golem a jellyfish 37 giant ants a little dog 4 floating eyes 4 kittens 29 dwarves 2 homunculi a kobold leader 2 kobold shamans a hill orc 15 rothes 3 rabid rats 4 centipedes 4 giant bats 3 monkeys 17 orc zombies 14 dwarf zombies 3 wererats 2 werejackals 12 iguanas 33 killer bees 4 acid blobs a gas spore 13 hobbits 12 manes a large kobold 10 giant rats 2 cave spiders 2 brown molds 2 yellow molds 2 green molds 71 gnomes 26 garter snakes 15 gnome zombies 4 geckos 11 jackals 2 foxes 3 kobolds 4 goblins 4 sewer rats 8 grid bugs 4 bats 12 lichens 15 kobold zombies 9 newts 1754 creatures vanquished. No species were genocided or became extinct. Voluntary challenges: You read items or engraved 100 times. You engraved Elbereth 1 time. You never genocided any monsters. You used 7 wishes. You did not wish for any artifacts. You did not violate any of the special Sokoban rules. Achievements: You entered a shop. You entered the Gnomish Mines. You attained the rank of Pillager. You attained the rank of Bandit. You entered Minetown. You entered a temple. You entered Sokoban. You attained the rank of Brigand. You completed Sokoban. You completed the Gnomish Mines. You attained the rank of Raider. You had the Bell of Opening. You defeated Medusa. You learned the tune to open and close the Castle's drawbridge. You entered Gehennom. You had the Candelabrum of Invocation. You had the Book of the Dead. You gained access to Moloch's Sanctum. You reached the Elemental Planes. You reached the Astral Plane. You delivered the Amulet of Yendor. You ascended! The Elemental Planes: Astral Plane: <- You are here. Some temples. Plane of Water: Plane of Fire: Plane of Air: Plane of Earth: The Dungeons of Doom: levels 1 to 28 Level 1: One way stairs up to The Elemental Planes. Level 2: A health food store, an altar to Set, a fountain. Level 3: "closed shop" An armor shop, a fountain. Level 4: A general store, a grave. Stairs down to The Gnomish Mines. Level 5: Many fountains. Oracle of Delphi. Level 6: "uni" Stairs up to Sokoban, level 5. Level 7: A sink. Level 8: A general store, an altar to Set. Level 9: An altar to Set. Level 10: A delicatessen, a sink. Level 11: A potion shop, a fountain. Portal to The Quest. Level 12: A sink. Level 13: A fountain. Level 14: Some fountains, many graves. Level 15: A sink. Level 16: Level 17: A grave. Level 18: A primitive area. Level 19: Some graves. Level 20: Level 21: An altar to Set, a fountain. Level 22: A temple to Set. Level 23: Some fountains, some graves. Level 24: A fountain, many trees. Level 25: Level 26: Level 27: A grave. Level 28: A fountain. The castle (play notes "BFGFB" to open or close drawbridge). Connection to Gehennom. Gehennom: levels 29 to 48 Level 29: A temple, many graves. Valley of the Dead. Level 30: Level 31: Level 32: Level 33: Level 34: Level 35: Some fountains. Level 36: Level 37: Level 38: Level 39: Level 40: Some shops, an altar, many graves. Level 41: Stairs up to Vlad's Tower, level 40. Level 42: Level 43: Level 44: Level 45: "crap stash" Level 46: Level 47: Level 48: A temple, many graves. Moloch's Sanctum. The Gnomish Mines: levels 5 to 13 Level 5: "! >" Level 6: Level 7: "?oEW, grease, stash" Many shops, a temple to Set, some fountains. Level 8: Level 9: Level 10: Level 11: Level 12: "* >" Level 13: The Quest: levels 1 to 5 Level 1: Many trees. Completed quest for Pelias. Level 2: Level 3: Level 4: "stash >" Level 5: An altar. Sokoban: levels 5 up to 2 Level 2: Solved. Level 3: Solved. Level 4: Solved. Level 5: Solved. Vlad's Tower: levels 40 up to 38 Level 38: Level 39: Level 40: Goodbye rustyspoon the Demigod... You went to your reward with 1880224 points, Stormbringer (worth 8000 zorkmids and 20000 points) The Book of the Dead (worth 10000 zorkmids and 25000 points) The Heart of Ahriman (worth 2500 zorkmids and 6250 points) The Candelabrum of Invocation (worth 5000 zorkmids and 12500 points) The Bell of Opening (worth 5000 zorkmids and 12500 points) and 14 pieces of gold, after 37516 moves. You were level 15 with a maximum of 238 hit points when you ascended.